[Event "Team 45 45 League T61"]
[Site "Internet Chess Club"]
[Date "2014.07.19"]
[Round "8"]
[White "LittleButton"]
[Black "tamtu"]
[Result "1/2-1/2"]
[WhiteElo "1920"]
[BlackElo "2025"]
[Opening "QGD Slav: exchange variation, 6.Bf4 Bf5"]
[ECO "D14"]
[Time "04:00:20"]
[TimeControl "2700+45"]

1. d4 d5 2. Nf3 Nf6 3. c4 c6 4. cxd5 cxd5 5. Nc3 Nc6 6. Bf4 Bf5 7. e3 e6 8. Be2
a6 9. Ne5 Nxe5 10. Bxe5 Nd7 11. Bg3 Be7 12. O-O O-O 13. Rc1 Rc8 14. Qd2 b5 15.
Bd3 Bxd3 16. Qxd3 Qa5 17. Qb1 Nb6 18. Rfd1 Rc4 19. Ne2 Rfc8 20. h3 Rxc1 21. Nxc1
Nc4 22. a3 Nd2 23. Qd3 Ne4 24. Bf4 Qa4 25. f3 Nf6 26. Nb3 Nd7 27. Rc1 Rc4 28.
Rc3 f6 29. Bg3 Kf7 30. Nd2 {Game drawn by mutual agreement} 1/2-1/2

[Event "Team 45 45 League T61"]
[Site "Internet Chess Club"]
[Date "2014.07.20"]
[Round "8"]
[White "TheRailgun"]
[Black "Schachteufel"]
[Result "1-0"]
[WhiteElo "1910"]
[BlackElo "1552"]
[Opening "Ruy Lopez: Anderssen variation"]
[ECO "C77"]
[Time "12:00:23"]
[TimeControl "2700+45"]

1. e4 e5 2. Nf3 Nc6 3. Bb5 a6 4. Ba4 Nf6 5. d3 b5 6. Bb3 Be7 7. O-O d6 8. c3 O-O
9. Bg5 Bg4 10. h3 Bh5 11. Nbd2 Na5 12. Bc2 c5 13. a4 b4 14. cxb4 cxb4 15. Nb3
Nc6 16. d4 Bxf3 17. Qxf3 Nxd4 18. Nxd4 exd4 19. Qd3 h6 20. Bxf6 gxf6 21. e5
{Black resigns} 1-0

[Event "Team 45 45 League T61"]
[Site "Internet Chess Club"]
[Date "2014.07.17"]
[Round "8"]
[White "pokerram"]
[Black "ghostfire"]
[Result "0-1"]
[WhiteElo "1601"]
[BlackElo "1742"]
[Opening "Ruy Lopez: closed, Keres (...Nd7) defense"]
[ECO "C96"]
[Time "21:00:25"]
[TimeControl "2700+45"]

1. e4 e5 2. Nf3 Nc6 3. Bb5 a6 4. Ba4 Nf6 5. O-O Be7 6. Re1 b5 7. Bb3 d6 8. c3
O-O 9. h3 Na5 10. Bc2 c5 11. d4 Nd7 12. Nbd2 Re8 13. Nf1 exd4 14. cxd4 cxd4 15.
Nxd4 Ne5 16. b3 Qc7 17. Be3 Nac6 18. Nxc6 Nxc6 19. Rc1 Qb7 20. Bb1 Be6 21. Qh5
g6 22. Qd1 Rad8 23. Bh6 Bf8 24. Bxf8 Rxf8 25. Qd2 d5 26. e5 d4 27. Be4 Bd5 28.
f4 Bxe4 29. Rxe4 Ne7 30. Rce1 Nf5 31. g4 Ne3 32. Nxe3 Qxe4 33. Ng2 Qf3 34. Kh2
Qc3 35. Qf2 d3 36. Qe3 Qc2 37. f5 d2 38. Qh6 dxe1=Q 39. f6 Qxe5+ {White resigns}
0-1

[Event "Team 45 45 League T61"]
[Site "Internet Chess Club"]
[Date "2014.07.20"]
[Round "8"]
[White "SaltofLife"]
[Black "Agarnez"]
[Result "0-1"]
[WhiteElo "1936"]
[BlackElo "2003"]
[Opening "Pirc: Sveshnikov system"]
[ECO "B07"]
[Time "15:30:23"]
[TimeControl "2700+45"]

1. e4 d6 2. d4 Nf6 3. Nc3 g6 4. g3 Bg7 5. Bg2 O-O 6. Nge2 Na6 7. O-O c5 8. d5
Nc7 9. a4 Rb8 10. h3 b6 11. Nb5 a6 12. Na7 Bd7 13. Nc3 b5 14. Nc6 Bxc6 15. dxc6
b4 16. Nd5 e6 17. Nxc7 Qxc7 18. Qd3 Rb6 19. c3 bxc3 20. bxc3 Rxc6 21. e5 Nd5 22.
exd6 Rxd6 23. Bxd5 Rxd5 24. Qxa6 Bxc3 25. Rb1 Bd4 26. Bf4 e5 27. Bh6 e4 28. Kg2
Rfd8 29. Rb7 Qc8 30. Qb5 Rh5 31. g4 Rxh6 32. a5 Qe6 33. Rb8 Rxb8 34. Qxb8+ Kg7
35. Qd8 e3 36. fxe3 Qe4+ 37. Rf3 Rxh3 38. Kxh3 Qxf3+ 39. Kh2 Qf2+ 40. Kh3 Be5
{White resigns} 0-1

[Event "Team 45 45 League T61"]
[Site "Internet Chess Club"]
[Date "2014.07.19"]
[Round "8"]
[White "kar120c"]
[Black "RubberDuck"]
[Result "1/2-1/2"]
[WhiteElo "1873"]
[BlackElo "1923"]
[Opening "Sicilian"]
[ECO "B50"]
[Time "16:00:16"]
[TimeControl "2700+45"]

1. e4 c5 2. Nf3 d6 3. Bc4 Nf6 4. Nc3 Nc6 5. O-O e6 6. d4 cxd4 7. Nxd4 Be7 8. Bg5
O-O 9. Be2 e5 10. Nf3 Be6 11. Bxf6 Bxf6 12. Nd5 Be7 13. Nxe7+ Qxe7 14. a3 Rac8
15. Re1 Rfd8 16. Bd3 a6 17. h3 f6 18. c3 d5 19. exd5 Bxd5 20. Qe2 Qf7 21. Rad1
g6 22. Nd2 Kg7 23. Be4 f5 24. Bxd5 Rxd5 25. Nc4 Rcd8 26. Rxd5 Rxd5 27. Nb6 Rd8
28. Rd1 Qe7 29. Nd5 Qe6 30. c4 Ne7 31. Nxe7 Rxd1+ 32. Qxd1 Qxe7 {Game drawn by
mutual agreement} 1/2-1/2

[Event "Team 45 45 League T61"]
[Site "Internet Chess Club"]
[Date "2014.07.20"]
[Round "8"]
[White "jonesey"]
[Black "pishd"]
[Result "1-0"]
[WhiteElo "1882"]
[BlackElo "1771"]
[Opening "Trompowsky attack (Ruth, Opocenský opening)"]
[ECO "A45"]
[Time "07:19:58"]
[TimeControl "2700+45"]

1. d4 Nf6 2. Bg5 c6 3. Bxf6 gxf6 4. e3 Qb6 5. Qc1 e5 6. c3 d6 7. Bd3 Be6 8. Ne2
Nd7 9. Qc2 d5 10. Ng3 e4 11. Be2 c5 12. Nd2 Bh6 13. O-O Rc8 14. Nb3 a5 15. dxc5
Nxc5 16. Nd4 O-O 17. Ngf5 Bg7 18. Ne7+ Kh8 19. Nxc8 Rxc8 20. Rfd1 Bh6 21. Nxe6
fxe6 22. Qd2 Rd8 23. b4 axb4 24. cxb4 Nd7 25. Qd4 Qxd4 26. Rxd4 f5 27. Rdd1 Bf8
28. a4 Bg7 29. Rac1 Be5 30. Rc2 Kg8 31. Rdc1 Kf8 32. Kf1 Ke7 33. Rc8 Nb6 34.
Rxd8 Kxd8 35. a5 Na4 36. Ke1 Bc3+ 37. Rxc3 Nxc3 38. Kd2 Nxe2 39. Kxe2 Kd7 40. b5
e5 41. f4 exf4 42. exf4 d4 43. g4 fxg4 44. a6 bxa6 45. bxa6 Kc6 46. f5 {Black
resigns} 1-0

[Event "Team 45 45 League T61"]
[Site "Internet Chess Club"]
[Date "2014.07.20"]
[Round "8"]
[White "rusano"]
[Black "Salvatore"]
[Result "0-1"]
[WhiteElo "1660"]
[BlackElo "1601"]
[Opening "Trompowsky attack (Ruth, Opocenský opening)"]
[ECO "A45"]
[Time "17:30:09"]
[TimeControl "2700+45"]

1. d4 Nf6 2. Bg5 Ne4 3. Bf4 c5 4. f3 Nf6 5. e4 e6 6. Bg5 Qa5+ 7. c3 cxd4 8. Bxf6
gxf6 9. Qxd4 e5 10. Qe3 Bg7 11. Na3 O-O 12. O-O-O a6 13. Kb1 b5 14. Qc5 Nc6 15.
g4 Rd8 16. h4 Bf8 17. Qe3 Bxa3 18. bxa3 Qxa3 19. Rd3 d6 20. Qh6 Be6 21. Rh2 b4
22. cxb4 Qxb4+ 23. Rb2 Qe1+ 24. Qc1 Qxc1+ 25. Kxc1 Nd4 26. Ne2 Rac8+ 27. Kd2
Nxe2 28. Bxe2 Bc4 29. Ra3 d5 30. Bxc4 Rxc4 31. Rd3 d4 32. Rb6 Ra4 33. a3 Kg7 34.
g5 fxg5 35. hxg5 Rc8 36. Rf6 Rb8 37. Kc2 Rc4+ 38. Kd1 Rb1+ 39. Ke2 Rh1 40. Kd2
Rh2+ 41. Kd1 Rcc2 42. Rb6 Ra2 43. Kc1 Rh1+ 44. Rd1 Ra1+ {White resigns} 0-1

[Event "Team 45 45 League T61"]
[Site "Internet Chess Club"]
[Date "2014.07.22"]
[Round "8"]
[White "NFork"]
[Black "CuatroPrincesas"]
[Result "1/2-1/2"]
[WhiteElo "2114"]
[BlackElo "2185"]
[Opening "Sicilian: Alapin's variation (2.c3)"]
[ECO "B22"]
[Time "02:04:54"]
[TimeControl "2700+45"]

1. e4 c5 2. c3 d5 3. exd5 Qxd5 4. d4 Nf6 5. Nf3 e6 6. a3 Nc6 7. Be3 cxd4 8. cxd4
Be7 9. Nc3 Qd6 10. Bc4 O-O 11. O-O b6 12. d5 exd5 13. Nxd5 Nxd5 14. Qxd5 Bb7 15.
Qh5 Qg6 16. Qxg6 hxg6 17. Rad1 Rad8 18. Bd5 Bf6 19. Bg5 Rd7 20. Bxf6 gxf6 21.
Be4 Rfd8 22. Rxd7 Rxd7 23. Rc1 Nd4 24. Nxd4 Bxe4 25. Rd1 g5 26. f3 Bb7 27. Kf2
Kh7 28. Ke1 Kg6 29. Nb5 Re7+ 30. Kf2 Ba6 31. Nd4 Rd7 32. Rd2 f5 33. Ke1 Re7+ 34.
Kd1 f6 35. Nc6 Rc7 36. Rc2 Rh7 37. Ke1 {Game drawn by mutual agreement} 1/2-1/2

[Event "Team 45 45 League T61"]
[Site "Internet Chess Club"]
[Date "2014.07.21"]
[Round "8"]
[White "Pomberito"]
[Black "SlimeDog2"]
[Result "1/2-1/2"]
[WhiteElo "2140"]
[BlackElo "2043"]
[Opening "Grünfeld: modern exchange variation"]
[ECO "D85"]
[Time "21:02:52"]
[TimeControl "2700+45"]

1. d4 Nf6 2. c4 g6 3. Nc3 d5 4. cxd5 Nxd5 5. e4 Nxc3 6. bxc3 Bg7 7. Nf3 c5 8.
Rb1 O-O 9. Be2 cxd4 10. cxd4 Qa5+ 11. Bd2 Qxa2 12. O-O Bg4 13. Rxb7 Bxf3 14.
Bxf3 Bxd4 15. Bb4 Rd8 16. Qc1 Na6 17. Bxe7 Rac8 18. Qf4 Nc5 19. Bxd8 Nxb7 20.
Bf6 Bxf6 21. Qxf6 Nc5 22. h4 Qe6 23. Qxe6 Nxe6 24. Bg4 Rc6 25. Ra1 h5 26. Bxe6
Rxe6 27. f3 a6 28. Kf2 Rb6 29. Ra5 Kg7 30. Ke3 Kf6 31. Kf4 Ke6 32. g4 hxg4 33.
fxg4 Kf6 34. h5 gxh5 35. Rxh5 Kg6 36. Rg5+ Kf6 37. Rh5 Kg6 38. Rg5+ Kf6 39. Rh5
{Game drawn by repetition} 1/2-1/2

[Event "Team 45 45 League T61"]
[Site "Internet Chess Club"]
[Date "2014.07.21"]
[Round "8"]
[White "JustinL"]
[Black "Goli"]
[Result "0-1"]
[WhiteElo "1968"]
[BlackElo "1841"]
[Opening "King's Indian: Four pawns attack, dynamic line"]
[ECO "E76"]
[Time "14:10:37"]
[TimeControl "2700+45"]

1. d4 Nf6 2. c4 g6 3. Nc3 Bg7 4. e4 d6 5. f4 O-O 6. Nf3 c5 7. d5 e6 8. Bd3 exd5
9. cxd5 Bg4 10. O-O Nbd7 11. Bd2 a6 12. h3 Bxf3 13. Qxf3 b5 14. Rae1 Qc7 15. Qg3
Nh5 16. Qf3 c4 17. Bc2 b4 18. Nd1 a5 19. g4 Nhf6 20. f5 Ne5 21. Qg2 gxf5 22.
Rxf5 Nfd7 23. h4 Kh8 24. h5 Rg8 25. g5 Qd8 26. Ref1 Qe7 27. Kh1 Bh6 28. Nf2 f6
29. g6 Bxd2 30. Qh3 h6 31. Rd1 Bg5 32. Rg1 Kg7 33. Qh2 a4 34. Nh3 Rgf8 35. Bd1
Nc5 36. Rgxg5 fxg5 37. Nxg5 Rxf5 {White resigns} 0-1

[Event "Team 45 45 League T61"]
[Site "Internet Chess Club"]
[Date "2014.07.20"]
[Round "8"]
[White "patito09"]
[Black "cysk"]
[Result "0-1"]
[WhiteElo "1835"]
[BlackElo "1843"]
[Opening "Dutch"]
[ECO "A80"]
[Time "08:05:18"]
[TimeControl "2700+45"]

1. d4 f5 2. Nf3 Nf6 3. g3 e6 4. Bg2 d5 5. O-O Bd6 6. c4 c6 7. Nbd2 O-O 8. b3 b6
9. Bb2 Bb7 10. Ne5 Nbd7 11. f4 Bxe5 12. fxe5 Ng4 13. Rf3 c5 14. h3 Nh6 15. Rf1
cxd4 16. Bxd4 Nc5 17. e3 dxc4 18. Bxc5 Bxg2 19. Kxg2 Qd5+ 20. Rf3 Qxc5 21. Nxc4
b5 22. Qd6 Qc8 23. Na3 Nf7 24. Qd4 Rd8 25. Qb2 a6 26. Rc1 Qd7 27. Rc2 Qd5 28.
Qd4 Nxe5 29. Qxd5 Rxd5 30. Rff2 Rad8 31. Nb1 b4 32. Nd2 a5 33. Nc4 Kf7 34. e4
Nxc4 35. Rxc4 Rd2 36. Rc2 Rxc2 37. Rxc2 fxe4 38. Kf2 Kf6 39. h4 h5 40. Re2 Ke5
41. Rc2 Rf8+ 42. Ke2 Rf3 43. Rc5+ Kd4 44. Rxh5 Rf5 45. Rh7 e3 46. Rxg7 Rf2+ 47.
Ke1 Rxa2 48. h5 a4 49. bxa4 b3 50. Rd7+ Ke4 51. Rd6 Kf5 52. h6 b2 53. Rb6 Kg6
54. Rxe6+ Kh7 55. Rb6 Ra1+ 56. Ke2 b1=Q 57. Rxb1 Rxb1 58. Kxe3 Kxh6 59. Kd3 Ra1
60. Ke3 Rxa4 61. Kf3 Kg5 62. Kf2 Kg4 63. Kg2 Ra3 64. Kf2 Rxg3 65. Ke2 Kf4 66.
Kf2 Ra3 67. Ke2 Rb3 68. Kd2 Ke4 69. Kc2 Rh3 70. Kd2 Rg3 71. Kc2 Kd4 72. Kb2 Kc4
73. Ka2 Kb4 74. Kb2 Rg2+ 75. Kb1 Kc3 76. Kc1 Rg1# {White checkmated} 0-1

[Event "Team 45 45 League T61"]
[Site "Internet Chess Club"]
[Date "2014.07.19"]
[Round "8"]
[White "Iletrado"]
[Black "pokerram"]
[Result "1-0"]
[WhiteElo "1840"]
[BlackElo "1594"]
[Opening "King's Indian: Andersson variation"]
[ECO "E92"]
[Time "08:30:09"]
[TimeControl "2700+45"]

1. d4 Nf6 2. Nf3 g6 3. c4 Bg7 4. Nc3 d6 5. e4 O-O 6. Be2 e5 7. dxe5 dxe5 8. Bg5
Qxd1+ 9. Rxd1 c6 10. O-O Nfd7 11. Rd2 f6 12. Be3 Na6 13. Rfd1 Ndc5 14. b4 Nd7
15. Rxd7 Bxd7 16. Rxd7 Nxb4 17. Bc5 Nc2 18. Bxf8 Bxf8 19. Rxb7 Nd4 20. Kf1 Nxf3
21. Bxf3 a5 22. Bg4 Bb4 23. Na4 f5 24. exf5 Rd8 25. f6 Rd6 26. f7+ Kg7 27. c5
Rf6 28. Bd7 Kf8 29. Be8 e4 30. Nb6 Kg7 31. Nd7 Rxf7 32. Bxf7 Kxf7 33. Ne5+ Ke6
34. Rxb4 axb4 35. Nxc6 Kd5 36. Nxb4+ Kxc5 37. Nc2 Kc4 38. Ke2 Kc3 39. a4 {Black
resigns} 1-0

[Event "Team 45 45 League T61"]
[Site "Internet Chess Club"]
[Date "2014.07.16"]
[Round "8"]
[White "DaveTheRook"]
[Black "QuieroAprender"]
[Result "0-1"]
[WhiteElo "1605"]
[BlackElo "1623"]
[Opening "King's Indian defense, 3.Nc3"]
[ECO "E61"]
[Time "19:30:10"]
[TimeControl "2700+45"]

1. d4 Nf6 2. c4 g6 3. Nc3 e6 4. Bg5 h6 5. Bd2 d5 6. c5 c6 7. Nf3 Bg7 8. e3 b5 9.
b4 a5 10. a3 axb4 11. axb4 Na6 12. Nxb5 cxb5 13. Bxb5+ Kf8 14. Bc6 Rb8 15. b5
Nc7 16. Ra7 Nxb5 17. Ba5 Nxa7 18. Bxd8 Nxc6 19. Bc7 Rb7 20. Bd6+ Kg8 21. O-O Kh7
22. Qa4 Bd7 23. Qc2 Ra8 24. h3 Nb4 25. Qc3 Ne4 26. Qb3 Ba4 27. Qb2 Bc6 28. Ne5
Ra2 29. Qc1 Nd3 30. Nxd3 Rd2 31. Ne5 Bxe5 32. Bxe5 Rbb2 33. Qa1 Ra2 34. Qb1 Rdb2
35. Qd1 Bb5 36. Qf3 f5 37. g4 Bxf1 38. gxf5 exf5 39. Qf4 Rxf2 40. Qh4 Ng5 41.
Bf4 Nf3+ 42. Kh1 Rh2+ 43. Bxh2 Rxh2# {White checkmated} 0-1

[Event "Team 45 45 League T61"]
[Site "Internet Chess Club"]
[Date "2014.07.19"]
[Round "8"]
[White "edwspin"]
[Black "idjit"]
[Result "1-0"]
[WhiteElo "1648"]
[BlackElo "1616"]
[Opening "Nimzo-Indian defense"]
[ECO "E20"]
[Time "14:01:42"]
[TimeControl "2700+45"]

1. d4 Nf6 2. c4 e6 3. Nc3 Bb4 4. Bd2 O-O 5. e3 b6 6. Bd3 Bb7 7. Nf3 d6 8. Ne2
Bxd2+ 9. Qxd2 c5 10. O-O-O cxd4 11. exd4 Nc6 12. h4 Rc8 13. Kb1 Na5 14. Rc1 Ne4
15. Qc2 d5 16. Bxe4 Rxc4 17. Bxh7+ Kh8 18. Qd3 Ba6 19. Rxc4 Bxc4 20. Qc2 Bxe2
21. Qxe2 Kxh7 22. Ng5+ Kg6 23. Qd3+ Kh5 24. g4+ {Black resigns} 1-0

[Event "Team 45 45 League T61"]
[Site "Internet Chess Club"]
[Date "2014.07.20"]
[Round "8"]
[White "Megasus"]
[Black "ElMarginal"]
[Result "1-0"]
[WhiteElo "1596"]
[BlackElo "1487"]
[Opening "Réti opening"]
[ECO "A04"]
[Time "19:19:11"]
[TimeControl "2700+45"]

1. Nf3 b6 2. d4 Bb7 3. e3 Nf6 4. Nbd2 e6 5. a3 c5 6. Be2 cxd4 7. exd4 Be7 8. O-O
O-O 9. Bd3 d5 10. Re1 Ba6 11. Qe2 Bxd3 12. Qxd3 Nbd7 13. h3 Qc7 14. c3 a6 15.
Ng5 h6 16. Ngf3 b5 17. b3 Rac8 18. Bb2 Nh5 19. Rac1 Nf4 20. Qe3 Ng6 21. Nf1 Qf4
22. Qe2 Nf6 23. Rc2 Ne4 24. Bc1 Qc7 25. c4 bxc4 26. bxc4 Qa5 27. cxd5 Qxd5 28.
Rxc8 Rxc8 29. Qxa6 Ra8 30. Qd3 Nf6 31. Ne3 Qa5 32. Nc4 Qb5 33. Bd2 Rxa3 34. Qc2
Qc6 35. Nxa3 {Black resigns} 1-0

[Event "Team 45 45 League T61"]
[Site "Internet Chess Club"]
[Date "2014.07.17"]
[Round "8"]
[White "jonesey"]
[Black "wildkingdumb"]
[Result "0-1"]
[WhiteElo "1870"]
[BlackElo "1727"]
[Opening "Trompowsky attack (Ruth, Opocenský opening)"]
[ECO "A45"]
[Time "14:06:55"]
[TimeControl "2700+45"]

1. d4 Nf6 2. Bg5 c5 3. Bxf6 gxf6 4. d5 Qb6 5. Qc1 Bg7 6. c4 f5 7. Nc3 d6 8. e3
Rg8 9. Nh3 e5 10. dxe6 Bxe6 11. Qc2 Nc6 12. a3 Qa5 13. Rc1 Ne5 14. Qa4+ Qxa4 15.
Nxa4 Nxc4 16. Nxc5 dxc5 17. Nf4 Nxb2 18. Rxc5 Rd8 19. Bb5+ Ke7 20. Rc7+ Kf6 21.
Ke2 a6 22. Rb1 axb5 23. Rxb2 Bc4+ 24. Kf3 Kg5 25. Rxf7 Bxf7 {White resigns} 0-1

[Event "Team 45 45 League T61"]
[Site "Internet Chess Club"]
[Date "2014.07.16"]
[Round "8"]
[White "SilentKnight"]
[Black "Longonjo"]
[Result "0-1"]
[WhiteElo "1638"]
[BlackElo "1696"]
[Opening "QGD: Tarrasch, Prague variation, Normal position"]
[ECO "D34"]
[Time "20:00:54"]
[TimeControl "2700+45"]

1. d4 d5 2. c4 e6 3. Nc3 c5 4. cxd5 exd5 5. Nf3 Nc6 6. g3 Nf6 7. Bg2 Be7 8. O-O
O-O 9. dxc5 Bxc5 10. e3 Be6 11. a3 Rc8 12. b4 Be7 13. Bb2 Ne4 14. Nxe4 dxe4 15.
Nd2 f5 16. Rc1 Bf6 17. Bxf6 Qxf6 18. f3 exf3 19. Nxf3 Qh6 20. Qe2 b5 21. Qxb5
Qxe3+ 22. Kh1 Nd4 23. Qe5 Qxe5 24. Nxe5 Rc2 25. Rfd1 Rxc1 26. Rxc1 Rd8 27. Bf1
Bd5+ 28. Bg2 Bb3 29. Bf1 Re8 30. Bc4+ Bxc4 31. Nxc4 Rc8 32. Kg2 g5 33. Kf2 Kg7
34. Ke3 Ne6 35. Rc3 Kf6 36. a4 f4+ 37. gxf4 Nxf4 38. h4 Nd5+ {White resigns} 0-1

[Event "Team 45 45 League T61"]
[Site "Internet Chess Club"]
[Date "2014.07.18"]
[Round "8"]
[White "Salvatore"]
[Black "JeffH"]
[Result "0-1"]
[WhiteElo "1580"]
[BlackElo "1735"]
[Opening "Queen's pawn game"]
[ECO "A45"]
[Time "22:00:19"]
[TimeControl "2700+45"]

1. d4 Nf6 2. Nc3 g6 3. Bg5 Bg7 4. Qd2 O-O 5. O-O-O d5 6. h3 c6 7. Bh6 Na6 8.
Bxg7 Kxg7 9. f3 b5 10. g4 Qa5 11. Qe3 b4 12. Nb1 Qxa2 13. b3 Re8 14. Qe5 Kg8 15.
h4 Nd7 16. Qg5 f6 17. Qh6 c5 18. g5 c4 19. Kd2 cxb3 20. Rc1 bxc2 21. Rxc2 Qxb1
22. h5 b3 23. Rc6 Nb4 24. hxg6 Qxg6 25. Qxg6+ hxg6 26. Rc1 a5 27. e4 a4 28. Bb5
a3 29. Ne2 b2 30. Rb1 a2 31. Rxb2 a1=Q 32. Rxa1 Rxa1 33. Rxb4 dxe4 34. fxe4 fxg5
35. e5 Rd8 36. Bc4+ Kg7 37. Ng3 Ba6 38. Bxa6 Rxa6 39. Ne4 Nxe5 40. Nxg5 Rad6 41.
Ke3 Nc6 42. Ra4 Nxd4 43. Rxd4 Rxd4 44. Ne6+ Kf6 45. Nxd4 Rxd4 46. Kxd4 {White
resigns} 0-1

[Event "Team 45 45 League T61"]
[Site "Internet Chess Club"]
[Date "2014.07.20"]
[Round "8"]
[White "okieman888"]
[Black "Invicta-Knight"]
[Result "1-0"]
[WhiteElo "1511"]
[BlackElo "1473"]
[Opening "Scandinavian: Pytel-Wade variation"]
[ECO "B01"]
[Time "12:17:41"]
[TimeControl "2700+45"]

1. e4 d5 2. exd5 Qxd5 3. Nc3 Qd6 4. d4 a6 5. Bd3 Nf6 6. Nf3 Bg4 7. h3 Bh5 8. Ne4
Nxe4 9. Bxe4 Nc6 10. O-O O-O-O 11. c3 e5 12. Bxc6 bxc6 13. g4 Bg6 14. Nxe5 f6
15. Nxg6 hxg6 16. Qd3 Kb7 17. Kg2 Qd5+ 18. f3 f5 19. Bf4 Bd6 20. Bxd6 Qxd6 21.
Rh1 Qf4 22. Rae1 Rde8 23. Rxe8 Rxe8 24. Qd1 Qe3 25. Qb3+ Kc8 26. Qd1 Qe2+ 27.
Qxe2 Rxe2+ 28. Kg3 Rxb2 29. gxf5 gxf5 30. Kf4 g6 31. Rg1 Rxa2 32. Rxg6 Rh2 33.
Kg3 Rc2 34. Rxc6 Kd7 35. Rc5 Kd6 36. Kf4 Rf2 37. Rxf5 c6 38. Ra5 Rh2 39. Rxa6
Rxh3 40. c4 Rh4+ 41. Ke3 Kc7 42. d5 Rxc4 43. Rxc6+ Rxc6 44. dxc6 Kxc6 45. Kf4
Kd6 46. Kg5 Ke7 47. Kf5 Kf7 48. f4 Kf8 49. Ke6 Ke8 50. Kf6 Kf8 51. f5 Ke8 52.
Kg7 Ke7 53. f6+ {Black resigns} 1-0

[Event "Team 45 45 League T61"]
[Site "Internet Chess Club"]
[Date "2014.07.22"]
[Round "8"]
[White "zugknightly"]
[Black "Egmont"]
[Result "1/2-1/2"]
[WhiteElo "1802"]
[BlackElo "1808"]
[Opening "English: Caro-Kann defensive system"]
[ECO "A11"]
[Time "13:00:11"]
[TimeControl "2700+45"]

1. c4 c6 2. Nf3 d5 3. e3 Nf6 4. Nc3 g6 5. b3 Bg7 6. Bb2 O-O 7. Be2 Nbd7 8. Qc2
e5 9. d3 Re8 10. O-O dxc4 11. dxc4 Qc7 12. Rfd1 Nc5 13. e4 Bg4 14. b4 Bxf3 15.
Bxf3 Ne6 16. Ne2 Ng5 17. Qd3 Rad8 18. Qe3 Nxf3+ 19. Qxf3 a5 20. a3 axb4 21. axb4
Qe7 22. c5 Rxd1+ 23. Rxd1 Rd8 24. Nc3 Rd4 {Game drawn by mutual agreement}
1/2-1/2

[Event "Team 45 45 League T61"]
[Site "Internet Chess Club"]
[Date "2014.07.20"]
[Round "8"]
[White "AVEMARIA"]
[Black "Signalman"]
[Result "0-1"]
[WhiteElo "1612"]
[BlackElo "1737"]
[Opening "French: Tarrasch"]
[ECO "C03"]
[Time "13:35:06"]
[TimeControl "2700+45"]

1. e4 e6 2. d4 d5 3. Nd2 Be7 4. Bd3 Nc6 5. Ngf3 Nb4 6. Be2 dxe4 7. Nxe4 Nf6 8.
Nxf6+ Bxf6 9. c3 Nd5 10. O-O O-O 11. a3 b6 12. Bd2 Bb7 13. Rc1 c5 14. b4 cxd4
15. Nxd4 Rc8 16. Qb3 Bxd4 17. cxd4 Qf6 18. Qd3 Nf4 19. Bxf4 Qxf4 20. Rxc8 Rxc8
21. g3 Qe4 22. Qxe4 Bxe4 23. f3 Bd5 24. Ra1 Rc2 25. Kf1 Kf8 26. a4 Bc4 27. Bxc4
Rxc4 28. Rb1 Rxd4 29. a5 b5 30. Rb2 Ke7 31. Kf2 Kd6 32. Ke3 Rc4 33. Rb3 a6 34.
Rd3+ Ke7 35. Rb3 g5 36. Rb2 f5 37. Kd3 e5 38. Ke2 Ke6 39. Ke3 h5 40. Kf2 g4 41.
fxg4 Rxg4 42. Kf3 Rc4 43. Rb3 h4 44. Rb2 Rc3+ 45. Kg2 hxg3 46. hxg3 e4 47. Kf2
Rf3+ 48. Kg2 f4 49. gxf4 Rxf4 50. Rc2 e3 51. Kg3 Rxb4 52. Kf3 Kd5 53. Kxe3 Ra4
54. Rd2+ Kc5 55. Rc2+ Kb4 56. Kd3 Ra3+ 57. Kd4 Kxa5 58. Kc5 b4 59. Kc4 Ka4 60.
Kd5 a5 61. Kc4 Rh3 62. Ra2+ Ra3 63. Rc2 Rf3 64. Ra2+ Ra3 65. Rc2 Ra1 66. Rh2
Rc1+ 67. Kd3 b3 {White resigns} 0-1

[Event "Team 45 45 League T61"]
[Site "Internet Chess Club"]
[Date "2014.07.20"]
[Round "8"]
[White "rayonline53"]
[Black "Kingofknights"]
[Result "1/2-1/2"]
[WhiteElo "1585"]
[BlackElo "1675"]
[Opening "Caro-Kann: exchange variation"]
[ECO "B13"]
[Time "13:00:11"]
[TimeControl "2700+45"]

1. e4 c6 2. d4 d5 3. exd5 cxd5 4. Bd3 Nc6 5. Nf3 Bg4 6. c3 e6 7. Nbd2 Bd6 8. O-O
Nf6 9. Re1 O-O 10. Qc2 Rc8 11. Qb1 g6 12. Ne5 Bf5 13. Ndf3 Kg7 14. Bg5 Qc7 15.
Nxc6 Qxc6 16. Bxf5 exf5 17. Qc1 Rfe8 18. Bxf6+ Kxf6 19. Qh6 Rh8 20. Ne5 Qc7 21.
f4 Bf8 22. Qh4+ Kg7 23. Re3 Be7 24. Qf2 f6 25. Nd3 Bd6 26. Rae1 Rhf8 27. g3 Rf7
28. Re6 {Game drawn by mutual agreement} 1/2-1/2

[Event "Team 45 45 League T61"]
[Site "Internet Chess Club"]
[Date "2014.07.16"]
[Round "8"]
[White "tightfist"]
[Black "evan7284"]
[Result "1-0"]
[WhiteElo "1571"]
[BlackElo "1616"]
[Opening "Polish (Sokolsky) opening"]
[ECO "A00"]
[Time "15:02:18"]
[TimeControl "2700+45"]

1. b4 e5 2. Bb2 Bxb4 3. Bxe5 Nf6 4. e3 Nc6 5. Bb2 d6 6. Be2 O-O 7. Nf3 Bg4 8.
Nc3 Qd7 9. O-O Rae8 10. Nb5 Qe7 11. Bxf6 gxf6 12. Rb1 Kh8 13. Nbd4 d5 14. Nxc6
bxc6 15. c3 Bc5 16. Qa4 Qd6 17. Qxg4 Rg8 18. Qh4 Rg7 19. Nd4 Reg8 20. Bf3 Rg5
21. Qf4 {Black forfeits on time} 1-0

[Event "Team 45 45 League T61"]
[Site "Internet Chess Club"]
[Date "2014.07.22"]
[Round "8"]
[White "xt"]
[Black "zap2"]
[Result "0-1"]
[WhiteElo "1751"]
[BlackElo "1832"]
[Opening "Pirc defense"]
[ECO "B07"]
[Time "10:10:34"]
[TimeControl "2700+45"]

1. e4 d6 2. d4 Nf6 3. Nc3 e5 4. dxe5 dxe5 5. Qxd8+ Kxd8 6. Bg5 c6 7. Bc4 Ke8 8.
Nf3 Nfd7 9. O-O-O f6 10. Be3 Nb6 11. Bb3 Na6 12. Rd2 Nc5 13. Bxc5 Bxc5 14. Rhd1
Ke7 15. Nh4 g6 16. Na4 Nxa4 17. Bxa4 a5 18. a3 Bg4 19. f3 Be6 20. Kb1 Rad8 21.
Bb3 Rxd2 22. Rxd2 Bc8 23. g3 Be3 24. Re2 Bh6 25. g4 Rd8 26. c3 b6 27. Ng2 Ba6
28. Rf2 Bd3+ 29. Bc2 Bc4 30. b3 Ba6 31. c4 a4 32. Kb2 axb3 33. Kxb3 Rd4 34. c5
bxc5 35. Kc3 Bb5 36. Ne1 Be3 37. Rg2 Bf1 {White resigns} 0-1

[Event "Team 45 45 League T61"]
[Site "Internet Chess Club"]
[Date "2014.07.19"]
[Round "8"]
[White "Bleddyn"]
[Black "SugarIslander"]
[Result "1-0"]
[WhiteElo "1673"]
[BlackElo "1641"]
[Opening "English: Botvinnik system"]
[ECO "A26"]
[Time "15:06:50"]
[TimeControl "2700+45"]

1. c4 e5 2. g3 g6 3. Bg2 Bg7 4. Nc3 Nc6 5. d3 d6 6. e4 Nge7 7. Nge2 O-O 8. O-O
Bd7 9. Nd5 Nxd5 10. cxd5 Ne7 11. Be3 c5 12. dxc6 Nxc6 13. d4 b6 14. dxe5 dxe5
15. Qd2 Be6 16. Rfd1 Qxd2 17. Rxd2 Rfd8 18. Rxd8+ Rxd8 19. b3 Nd4 20. Nxd4 exd4
21. Rd1 Rd7 22. Bc1 f5 23. Bb2 Kf7 24. f4 fxe4 25. Bxe4 Bd5 26. Bd3 Ke6 27. Bf1
Be4 28. Re1 Kd5 29. Bc4+ Kc5 30. Rxe4 d3 31. Bxg7 d2 32. Bf8+ Kc6 33. Be2 d1=Q+
34. Bxd1 Rxd1+ 35. Kf2 Rh1 36. Kg2 Rd1 37. Re2 b5 38. a4 bxa4 39. bxa4 Ra1 40.
Re4 Ra2+ 41. Kh3 a5 42. Rc4+ Kd5 43. Rc5+ Ke4 44. Rxa5 Kf3 45. Bh6 Kf2 46. Ra7
Kg1 47. Kg4 Kxh2 48. Rxh7 Rxa4 49. Bg5+ Kg2 50. Rg7 Ra6 51. Bh4 Kf2 52. Kg5 Kf3
53. Rxg6 Ra5+ 54. Kh6 Ke4 55. Rg5 Ra6+ 56. Kh5 Ra8 57. Re5+ Kf3 58. Kg6 Rg8+ 59.
Kf7 Ra8 60. f5 Kg4 61. f6 Ra7+ 62. Re7 Ra8 63. Re8 Ra7+ 64. Kf8 Kh5 65. f7 Kg6
66. Re6+ Kh7 67. g4 Rxf7+ 68. Kxf7 Kh8 69. Rh6# {Black checkmated} 1-0